 Dungeon Crawl Stone Soup version 0.29-a0-323-g050149af67 (webtiles) character file.

Game seed: 14118831335283482881

1708 rabbitsville the Thaumaturge (level 8, -16/41 HPs)
             Began as a Deep Elf Conjurer on Apr 10, 2022.
             Demolished by a two-headed ogre
             ... wielding a +0 giant club
              (21 damage)
             ... on level 6 of the Dungeon on Apr 11, 2022.
             The game lasted 00:36:49 (7545 turns).

rabbitsville the Thaumaturge (Deep Elf Conjurer)    Turns: 7545, Time: 00:36:50

Health: -16/41     AC: 11    Str: 10    XL:     8   Next: 73%
Magic:  11/24      EV:  8    Int: 26    God:
Gold:   317        SH:  0    Dex: 13    Spells: 25/28 levels left

rFire   . . .      SeeInvis .   d - +1 flail (protect)
rCold   . . .      Faith    .   (no shield)
rNeg    . . .      Spirit   .   u - +1 scale mail {rPois}
rPois   +          Reflect  .   s - +2 helmet
rElec   .          Harm     .   (no cloak)
rCorr   .          Rampage  .   y - +0 pair of gloves
Will    .....                   (no boots)
Stlth   +.........              l - amulet of regeneration
HPRegen 0.93/turn               n - +6 ring of strength
MPRegen 0.19/turn               (no ring)

@: no status effects
A: no striking features
a: no special abilities


You were on level 6 of the Dungeon.
You visited 1 branch of the dungeon, and saw 6 of its levels.
You also visited: Ossuary.

You collected 397 gold pieces.
You spent 80 gold pieces at shops.

Inventory:

Hand Weapons
 d - a +1 flail of protection (weapon)
Missiles
 o - 2 throwing nets
 w - 6 javelins
Armour
 a - a +0 robe
 s - a +2 helmet (worn)
 u - a +1 scale mail of poison resistance (worn)
 y - a +0 pair of gloves (worn)
Jewellery
 l - an amulet of regeneration (around neck)
 n - a +6 ring of strength (left hand)
Wands
 r - a wand of mindburst (12)
 v - a wand of iceblast (15)
 z - a wand of charming (8)
 A - a wand of polymorph (9)
Scrolls
 c - 4 scrolls of fear
 e - 3 scrolls of noise {unknown}
 f - 7 scrolls of identify
 g - a scroll of immolation {unknown}
 h - a scroll of brand weapon {unknown}
 j - 4 scrolls of vulnerability
 m - 3 scrolls of fog {unknown}
 p - a scroll of magic mapping {unknown}
 q - 3 scrolls of enchant armour {unknown}
 t - 3 scrolls of blinking {unknown}
 F - a scroll of enchant weapon {unknown}
Potions
 b - a potion of magic
 i - 2 potions of flight {unknown}
 k - 5 potions of heal wounds
 x - 4 potions of mutation {unknown}
 B - 4 potions of curing
 C - a potion of cancellation {unknown}
 D - a potion of attraction {unknown}
 E - a potion of degeneration {unknown}
 G - 2 potions of haste {unknown}
 H - 2 potions of brilliance {unknown}
 I - a potion of might {unknown}


   Skills:
 - Level 2.4 Dodging
 - Level 2.4 Stealth
 + Level 10.8 Spellcasting
 + Level 9.8 Conjurations


You had 25 spell levels left.
You knew the following spells:

 Your Spells              Type           Power      Damage    Failure   Level
a - Magic Dart            Conj           100%       1d8       1%          1
b - Searing Ray           Conj           100%       2d8       1%          2

Your spell library contained the following spells:

 Spells                   Type           Power      Damage    Failure   Level
 Dazzling Flash           Conj/Hex       78%        N/A       12%         3
 Pain                     Necr           56%        1d6       30%         1
 Fulminant Prism          Conj/Hex       19%        3d11      38%         4
 Iskenderun's Mystic Bla  Conj/Tloc      39%        2d9       38%         4
 Gell's Gravitas          Tloc           14%        N/A       67%         3
 Lesser Beckoning         Tloc           14%        N/A       67%         3
 Teleport Other           Tloc           14%        N/A       67%         3
 Animate Armour           Summ/Erth      28%        N/A       97%         4
 Iron Shot                Conj/Erth      19%        9d4       99%         6
 Agony                    Necr           14%        N/A       100%        5
 Blade Hands              Tmut           7%         N/A       100%        5
 Excruciating Wounds      Necr           7%         N/A       100%        5


Dungeon Overview and Level Annotations

Branches:
Dungeon (6/15)            Ossuary (visited)
 Temple: D:4-7

Altars:
Elyvilon
Trog
Xom
Yredelemnul

Shops:
D:1 !   D:2 =[!*


Message History

You kill the howler monkey!
You now have 317 gold pieces (gained 12).
k - 5 potions of heal wounds (gained 1)
A two-headed ogre comes into view.
It is wielding a +0 giant club and a +0 giant spiked club.
The magic dart hits the two-headed ogre.
The two-headed ogre is lightly wounded.
The magic dart hits the two-headed ogre.
The two-headed ogre is lightly wounded.
The magic dart hits the two-headed ogre!
The two-headed ogre is moderately wounded.
The searing ray hits the two-headed ogre.
The two-headed ogre is heavily wounded. (Press . to maintain the ray.)
The searing ray hits the two-headed ogre!
The two-headed ogre is severely wounded.
The searing ray hits the two-headed ogre.
The two-headed ogre is severely wounded.
The searing ray hits the two-headed ogre.
The two-headed ogre is severely wounded.
You finish channelling your searing ray.
The two-headed ogre hits you with a +0 giant club!
The two-headed ogre hits you with a +0 giant spiked club!!
Ouch! That really hurt!
* * * LOW HITPOINT WARNING * * *
You are too injured to fight recklessly!
Aiming: Searing Ray (safe; 1% risk of failure)
Press: ? - help, Q - select action, (/) - cycle Shift-Dir - straight line, f/p - two-headed ogre
Aim: a two-headed ogre, wielding a +0 giant club and a +0 giant spiked club (severely wounded, 92% to hit)
The searing ray hits the two-headed ogre!
The two-headed ogre is almost dead. (Press . to maintain the ray.) Restarting spell: Searing Ray (safe; 1% risk of failure)
Press: ? - help, Q - select action, (/) - cycle Shift-Dir - straight line, f/p - two-headed ogre
Aim: a two-headed ogre, wielding a +0 giant club and a +0 giant spiked club (almost dead, 92% to hit)
The searing ray hits the two-headed ogre!
The two-headed ogre is almost dead. (Press . to maintain the ray.)
The two-headed ogre hits you with a +0 giant club!!
Ouch! That really hurt!
You die...

...............##.......
.............####.......
......)......# ##.......
..)...).....## #........
.........#### ##<.....#
....##...# ##......# ...
###.####..........# ..
##....†[..#.......# .
#.@......###.......
........O......##.....#.
..###.........###....##.
................### .
##.............
...............#
###.............
###...#....


You could see a two-headed ogre.

Vanquished Creatures
  A hornet (D:4)
  A wraith (Ossuary)
  Menkaure (D:4)
  A water moccasin (D:6)
  Edmund (D:4)
  A kobold brigand (D:5)
  2 scorpions (D:5)
  A howler monkey (D:6)
  2 jellies
  A hound (D:4)
  5 orc priests
  Terence (D:2)
  Jessica (D:2)
  2 iguanas (D:4)
  Ijyb (D:5)
  3 orc wizards (D:4)
  A mummy (Ossuary)
  Robin (D:2)
  15 gnolls
  5 adders
  A white imp (D:5)
  2 ufetubi (D:6)
  A worm (D:2)
  4 dart slugs
  15 orcs
  3 endoplasms
  2 giant cockroaches (D:3)
  16 goblins
  8 hobgoblins
  6 jackals (D:5)
  4 quokkas
  6 ball pythons
  6 bats
  3 frilled lizards
  2 gnoll skeletons (Ossuary)
  2 goblin zombies (D:5)
  10 kobolds
  7 kobold skeletons (Ossuary)
  16 orc skeletons (Ossuary)
  5 rats
166 creatures vanquished.

Notes
Turn   | Place    | Note
-------+----------+-------------------------------------------
     0 | D:1      | rabbitsville the Deep Elf Conjurer began the quest for the
                  | Orb.
     0 | D:1      | Reached XP level 1. HP: 10/10 MP: 6/6
   260 | D:1      | Reached XP level 2. HP: 15/15 MP: 4/8
   527 | D:1      | Found Pukhlorey's Distillery.
  1035 | D:2      | Found Zuinud's Distillery.
  1048 | D:2      | Bought a potion of curing for 30 gold pieces
  1048 | D:2      | Bought a potion of heal wounds for 50 gold pieces
  1051 | D:2      | Found a basalt altar of Yredelemnul.
  1258 | D:2      | Found Wiroesh's Assorted Antiques.
  1316 | D:2      | Noticed Terence
  1326 | D:2      | Killed Terence
  1327 | D:2      | Reached skill level 4 in Spellcasting
  1327 | D:2      | Reached skill level 5 in Conjurations
  1327 | D:2      | Reached XP level 3. HP: 8/19 MP: 3/10
  1406 | D:2      | Found Asmuvex's Antique Armour Boutique.
  1415 | D:2      | Noticed Robin
  1432 | D:1      | Learned a level 2 spell: Searing Ray
  1585 | D:2      | Reached XP level 4. HP: 24/24 MP: 4/12
  1648 | D:2      | Found Cieceno's Jewellery Shoppe.
  1679 | D:2      | Killed Robin
  1967 | D:2      | Reached skill level 5 in Spellcasting
  2233 | D:2      | Reached XP level 5. HP: 28/28 MP: 9/14
  2337 | D:2      | Found a faded altar of an unknown god.
  2448 | D:2      | Noticed Jessica
  2451 | D:2      | Killed Jessica
  3920 | D:4      | Reached skill level 6 in Spellcasting
  3977 | D:4      | Found an ornate altar of the Wu Jian Council.
  4083 | D:4      | Reached XP level 6. HP: 30/32 MP: 13/17
  4342 | D:4      | Noticed Edmund
  4354 | D:4      | Killed Edmund
  4355 | D:4      | Reached skill level 7 in Spellcasting
  4543 | D:4      | Reached XP level 7. HP: 29/36 MP: 10/19
  4602 | D:4      | Found a bloodstained altar of Trog.
  4628 | D:4      | Noticed Menkaure
  4642 | D:4      | Killed Menkaure
  4715 | D:4      | Reached skill level 8 in Spellcasting
  4802 | D:4      | Noticed a hornet
  4808 | D:4      | Paralysed by a hornet for 2 turns
  4818 | D:4      | Killed a hornet
  5019 | D:4      | Found a shimmering altar of Xom.
  5019 | D:4      | Found a shimmering altar of Xom.
  5021 | D:4      | Found an ornate altar of the Wu Jian Council.
  5021 | D:4      | Found a white marble altar of Elyvilon.
  5021 | D:4      | Found a radiant altar of Vehumet.
  5455 | D:4      | Reached skill level 9 in Spellcasting
  5691 | D:5      | Entered Level 5 of the Dungeon
  5697 | D:5      | Reached XP level 8. HP: 41/41 MP: 16/23
  5761 | D:5      | Noticed Ijyb
  5766 | D:5      | Killed Ijyb
  6023 | D:5      | Found a sand-covered staircase.
  6031 | Ossuary  | Entered an ossuary
  6632 | D:5      | Reached skill level 10 in Spellcasting
  6980 | D:5      | Found a white marble altar of Elyvilon.
  7536 | D:6      | Noticed a two-headed ogre
  7545 | D:6      | Demolished by a two-headed ogre

Illustrated notes

Levels and vault maps discovered:
D:1:      sevenhm_arrival_forest_fort_large_2, layout_basic, serial_shops,
          nicolae_shop_crystal, minivault_4, minmay_misc_feat_columns
D:2:      layout_basic, ebering_ecumenical_altar_rust, basic_altar,
          serial_shops, shop, nicolae_shop_stone, shop_statue, shop,
          minmay_misc_feat_five, dk_noncrumbling_3, grunt_decor_one_mirror,
          minmay_puff, uniq_jessica, uniq_terence, uniq_robin
D:3:      layout_loops_corners, kennysheep_cluttered_room,
          minmay_misc_feat_encased
D:4:      layout_basic, lemuel_crystal_altar, doesnt_xom_only_xom,
          kennysheep_cross_room, chequers_serial_rivers_large_a, uniq_menkaure,
          uniq_edmund
D:5:      layout_basic, kennysheep_mini, enter_ossuary_4, uniq_ijyb
D:6:      layout_cave_pools, chequers_avenue, minmay_fractal_squares_diagonal_5

Skill      XL: |  1  2  3  4  5  6  7  8 |
---------------+-------------------------+-----
Spellcasting   | 4 5 6 7 9 10 | 10.8
Conjurations   | 5 6 7 8 9 |  9.8
Dodging        | |  2.4
Stealth        | |  2.4

Action                   |  1- 3 |  4- 6 |  7- 9 || total
-------------------------+-------+-------+-------++-------
Melee: Great mace        |     2 |       |       ||     2
       Flail             |       |       |    15 ||    15
       Unarmed           |       |       |     6 ||     6
 Cast: Magic Dart        |    62 |   108 |    67 ||   237
       Searing Ray       |       |    11 |    51 ||    62
  Use: Potion            |       |       |     3 ||     3
       Scroll            |       |       |     2 ||     2
Armor: Robe              |     1 |       |       ||     1
       Scale mail        |       |    10 |    41 ||    51
       Skin              |       |       |     2 ||     2
Dodge: Dodged            |     3 |    14 |    49 ||    66

Table legend: (Time is in decaauts)
 A = Elapsed time spent in this place.
 B = Non-inter-level travel time spent in this place.
 C = Inter-level travel time spent in this place.
 D = Time resting spent in this place.
 E = Time spent auto-exploring this place.
 F = Levels seen in this place.
 G = Mean time per level.
                   A        B        C        D        E       F      G
               +--------+--------+--------+--------+--------+-----+--------+
         Total |   7570 |   7345 |    225 |    775 |   4753 |   7 | 1081.4 |
       Dungeon |   7032 |   6807 |    225 |    643 |   4753 |   6 | 1172.0 |
       Ossuary |    537 |    537 |      0 |    132 |      0 |   1 |  537.0 |
               +--------+--------+--------+--------+--------+-----+--------+

Top non-repeatable levels by time:
     D:4: 1829 daAuts
     D:2: 1779 daAuts
     D:1: 1103 daAuts
     D:5: 1008 daAuts
     D:3: 995 daAuts
 Ossuary: 537 daAuts
     D:6: 316 daAuts
